Workbook

Sheet Resumo
A1: Resumo de despesas confirmadas por fornecedor
A2: Período analisado | B2: =IF('Configuração'!$C$3<>"OK","Defina premissas válidas","Período atual: "&TEXT('Configuração'!$B$3,"dd/mm/yyyy")&" a "&TEXT('Configuração'!$B$4,"dd/mm/yyyy"))
A4: Total atual confirmado | B4: =IF('Configuração'!$C$3<>"OK","",SUM($B$11:$B$110)) | D4: Lançamentos atuais | E4: =IF('Configuração'!$C$3<>"OK","",SUM($C$11:$C$110)) | G4: Fornecedores com gasto | H4: =IF('Configuração'!$C$3<>"OK","",COUNTIF($B$11:$B$110,">0"))
A5: Ticket médio atual | B5: =IFERROR(B4/E4,"") | D5: Fornecedores para revisar | E5: =IF('Configuração'!$C$3<>"OK","",COUNTIF($J$11:$J$110,"Revisar")) | G5: Total anterior confirmado | H5: =IF('Configuração'!$C$3<>"OK","",SUM($E$11:$E$110))
A10: Fornecedor | B10: Gasto atual | C10: Frequência atual | D10: Ticket médio atual | E10: Gasto anterior | F10: Frequência anterior | G10: Variação em reais | H10: Variação percentual | I10: Participação no total atual | J10: Status de análise | K10: Motivo principal
A11: =IF('Listas'!A5="","",IF(COUNTIF('Listas'!$A$5:A5,'Listas'!A5)>1,"",'Listas'!A5)) | B11: =IF(OR($A11="",'Configuração'!$C$3<>"OK"),"",SUMIFS('Lançamentos'!$F$5:$F$204,'Lançamentos'!$C$5:$C$204,$A11,'Lançamentos'!$G$5:$G$204,"Confirmada",'Lançamentos'!$I$5:$I$204,"",'Lançamentos'!$B$5:$B$204,">="&'Configuração'!$B$3,'Lançamentos'!$B$5:$B$204,"<="&'Configuração'!$B$4)) | C11: =IF(OR($A11="",'Configuração'!$C$3<>"OK"),"",COUNTIFS('Lançamentos'!$C$5:$C$204,$A11,'Lançamentos'!$G$5:$G$204,"Confirmada",'Lançamentos'!$I$5:$I$204,"",'Lançamentos'!$B$5:$B$204,">="&'Configuração'!$B$3,'Lançamentos'!$B$5:$B$204,"<="&'Configuração'!$B$4)) | D11: =IFERROR(B11/C11,"") | E11: =IF(OR($A11="",'Configuração'!$C$3<>"OK"),"",SUMIFS('Lançamentos'!$F$5:$F$204,'Lançamentos'!$C$5:$C$204,$A11,'Lançamentos'!$G$5:$G$204,"Confirmada",'Lançamentos'!$I$5:$I$204,"",'Lançamentos'!$B$5:$B$204,">="&'Configuração'!$B$5,'Lançamentos'!$B$5:$B$204,"<="&'Configuração'!$B$6)) | F11: =IF(OR($A11="",'Configuração'!$C$3<>"OK"),"",COUNTIFS('Lançamentos'!$C$5:$C$204,$A11,'Lançamentos'!$G$5:$G$204,"Confirmada",'Lançamentos'!$I$5:$I$204,"",'Lançamentos'!$B$5:$B$204,">="&'Configuração'!$B$5,'Lançamentos'!$B$5:$B$204,"<="&'Configuração'!$B$6)) | G11: =IF(OR($A11="",'Configuração'!$C$3<>"OK"),"",B11-E11) | H11: =IF(OR($A11="",'Configuração'!$C$3<>"OK",E11=0),"",IFERROR(G11/E11,"")) | I11: =IF(OR($A11="",'Configuração'!$C$3<>"OK"),"",IFERROR(B11/SUM($B$11:$B$110),"")) | J11: =IF(OR($A11="",'Configuração'!$C$3<>"OK"),"",IF(B11=0,"Sem gasto no período",IF(OR(B11>='Configuração'!$B$7,C11>='Configuração'!$B$9,AND(E11>0,H11>='Configuração'!$B$8)),"Revisar","Acompanhar"))) | K11: =IF(OR($A11="",B11=0,'Configuração'!$C$3<>"OK"),"",IF(B11>='Configuração'!$B$7,"Gasto acumulado atingiu o limite",IF(C11>='Configuração'!$B$9,"Frequência atingiu o limite",IF(AND(E11>0,H11>='Configuração'!$B$8),"Variação atingiu o limite",IF(E11=0,"Sem base no período anterior","Dentro dos limites")))))
A12: =IF('Listas'!A6="","",IF(COUNTIF('Listas'!$A$5:A6,'Listas'!A6)>1,"",'Listas'!A6)) | B12: =IF(OR($A12="",'Configuração'!$C$3<>"OK"),"",SUMIFS('Lançamentos'!$F$5:$F$204,'Lançamentos'!$C$5:$C$204,$A12,'Lançamentos'!$G$5:$G$204,"Confirmada",'Lançamentos'!$I$5:$I$204,"",'Lançamentos'!$B$5:$B$204,">="&'Configuração'!$B$3,'Lançamentos'!$B$5:$B$204,"<="&'Configuração'!$B$4)) | C12: =IF(OR($A12="",'Configuração'!$C$3<>"OK"),"",COUNTIFS('Lançamentos'!$C$5:$C$204,$A12,'Lançamentos'!$G$5:$G$204,"Confirmada",'Lançamentos'!$I$5:$I$204,"",'Lançamentos'!$B$5:$B$204,">="&'Configuração'!$B$3,'Lançamentos'!$B$5:$B$204,"<="&'Configuração'!$B$4)) | D12: =IFERROR(B12/C12,"") | E12: =IF(OR($A12="",'Configuração'!$C$3<>"OK"),"",SUMIFS('Lançamentos'!$F$5:$F$204,'Lançamentos'!$C$5:$C$204,$A12,'Lançamentos'!$G$5:$G$204,"Confirmada",'Lançamentos'!$I$5:$I$204,"",'Lançamentos'!$B$5:$B$204,">="&'Configuração'!$B$5,'Lançamentos'!$B$5:$B$204,"<="&'Configuração'!$B$6)) | F12: =IF(OR($A12="",'Configuração'!$C$3<>"OK"),"",COUNTIFS('Lançamentos'!$C$5:$C$204,$A12,'Lançamentos'!$G$5:$G$204,"Confirmada",'Lançamentos'!$I$5:$I$204,"",'Lançamentos'!$B$5:$B$204,">="&'Configuração'!$B$5,'Lançamentos'!$B$5:$B$204,"<="&'Configuração'!$B$6)) | G12: =IF(OR($A12="",'Configuração'!$C$3<>"OK"),"",B12-E12) | H12: =IF(OR($A12="",'Configuração'!$C$3<>"OK",E12=0),"",IFERROR(G12/E12,"")) | I12: =IF(OR($A12="",'Configuração'!$C$3<>"OK"),"",IFERROR(B12/SUM($B$11:$B$110),"")) | J12: =IF(OR($A12="",'Configuração'!$C$3<>"OK"),"",IF(B12=0,"Sem gasto no período",IF(OR(B12>='Configuração'!$B$7,C12>='Configuração'!$B$9,AND(E12>0,H12>='Configuração'!$B$8)),"Revisar","Acompanhar"))) | K12: =IF(OR($A12="",B12=0,'Configuração'!$C$3<>"OK"),"",IF(B12>='Configuração'!$B$7,"Gasto acumulado atingiu o limite",IF(C12>='Configuração'!$B$9,"Frequência atingiu o limite",IF(AND(E12>0,H12>='Configuração'!$B$8),"Variação atingiu o limite",IF(E12=0,"Sem base no período anterior","Dentro dos limites")))))
A13: =IF('Listas'!A7="","",IF(COUNTIF('Listas'!$A$5:A7,'Listas'!A7)>1,"",'Listas'!A7)) | B13: =IF(OR($A13="",'Configuração'!$C$3<>"OK"),"",SUMIFS('Lançamentos'!$F$5:$F$204,'Lançamentos'!$C$5:$C$204,$A13,'Lançamentos'!$G$5:$G$204,"Confirmada",'Lançamentos'!$I$5:$I$204,"",'Lançamentos'!$B$5:$B$204,">="&'Configuração'!$B$3,'Lançamentos'!$B$5:$B$204,"<="&'Configuração'!$B$4)) | C13: =IF(OR($A13="",'Configuração'!$C$3<>"OK"),"",COUNTIFS('Lançamentos'!$C$5:$C$204,$A13,'Lançamentos'!$G$5:$G$204,"Confirmada",'Lançamentos'!$I$5:$I$204,"",'Lançamentos'!$B$5:$B$204,">="&'Configuração'!$B$3,'Lançamentos'!$B$5:$B$204,"<="&'Configuração'!$B$4)) | D13: =IFERROR(B13/C13,"") | E13: =IF(OR($A13="",'Configuração'!$C$3<>"OK"),"",SUMIFS('Lançamentos'!$F$5:$F$204,'Lançamentos'!$C$5:$C$204,$A13,'Lançamentos'!$G$5:$G$204,"Confirmada",'Lançamentos'!$I$5:$I$204,"",'Lançamentos'!$B$5:$B$204,">="&'Configuração'!$B$5,'Lançamentos'!$B$5:$B$204,"<="&'Configuração'!$B$6)) | F13: =IF(OR($A13="",'Configuração'!$C$3<>"OK"),"",COUNTIFS('Lançamentos'!$C$5:$C$204,$A13,'Lançamentos'!$G$5:$G$204,"Confirmada",'Lançamentos'!$I$5:$I$204,"",'Lançamentos'!$B$5:$B$204,">="&'Configuração'!$B$5,'Lançamentos'!$B$5:$B$204,"<="&'Configuração'!$B$6)) | G13: =IF(OR($A13="",'Configuração'!$C$3<>"OK"),"",B13-E13) | H13: =IF(OR($A13="",'Configuração'!$C$3<>"OK",E13=0),"",IFERROR(G13/E13,"")) | I13: =IF(OR($A13="",'Configuração'!$C$3<>"OK"),"",IFERROR(B13/SUM($B$11:$B$110),"")) | J13: =IF(OR($A13="",'Configuração'!$C$3<>"OK"),"",IF(B13=0,"Sem gasto no período",IF(OR(B13>='Configuração'!$B$7,C13>='Configuração'!$B$9,AND(E13>0,H13>='Configuração'!$B$8)),"Revisar","Acompanhar"))) | K13: =IF(OR($A13="",B13=0,'Configuração'!$C$3<>"OK"),"",IF(B13>='Configuração'!$B$7,"Gasto acumulado atingiu o limite",IF(C13>='Configuração'!$B$9,"Frequência atingiu o limite",IF(AND(E13>0,H13>='Configuração'!$B$8),"Variação atingiu o limite",IF(E13=0,"Sem base no período anterior","Dentro dos limites")))))
A14: =IF('Listas'!A8="","",IF(COUNTIF('Listas'!$A$5:A8,'Listas'!A8)>1,"",'Listas'!A8)) | B14: =IF(OR($A14="",'Configuração'!$C$3<>"OK"),"",SUMIFS('Lançamentos'!$F$5:$F$204,'Lançamentos'!$C$5:$C$204,$A14,'Lançamentos'!$G$5:$G$204,"Confirmada",'Lançamentos'!$I$5:$I$204,"",'Lançamentos'!$B$5:$B$204,">="&'Configuração'!$B$3,'Lançamentos'!$B$5:$B$204,"<="&'Configuração'!$B$4)) | C14: =IF(OR($A14="",'Configuração'!$C$3<>"OK"),"",COUNTIFS('Lançamentos'!$C$5:$C$204,$A14,'Lançamentos'!$G$5:$G$204,"Confirmada",'Lançamentos'!$I$5:$I$204,"",'Lançamentos'!$B$5:$B$204,">="&'Configuração'!$B$3,'Lançamentos'!$B$5:$B$204,"<="&'Configuração'!$B$4)) | D14: =IFERROR(B14/C14,"") | E14: =IF(OR($A14="",'Configuração'!$C$3<>"OK"),"",SUMIFS('Lançamentos'!$F$5:$F$204,'Lançamentos'!$C$5:$C$204,$A14,'Lançamentos'!$G$5:$G$204,"Confirmada",'Lançamentos'!$I$5:$I$204,"",'Lançamentos'!$B$5:$B$204,">="&'Configuração'!$B$5,'Lançamentos'!$B$5:$B$204,"<="&'Configuração'!$B$6)) | F14: =IF(OR($A14="",'Configuração'!$C$3<>"OK"),"",COUNTIFS('Lançamentos'!$C$5:$C$204,$A14,'Lançamentos'!$G$5:$G$204,"Confirmada",'Lançamentos'!$I$5:$I$204,"",'Lançamentos'!$B$5:$B$204,">="&'Configuração'!$B$5,'Lançamentos'!$B$5:$B$204,"<="&'Configuração'!$B$6)) | G14: =IF(OR($A14="",'Configuração'!$C$3<>"OK"),"",B14-E14) | H14: =IF(OR($A14="",'Configuração'!$C$3<>"OK",E14=0),"",IFERROR(G14/E14,"")) | I14: =IF(OR($A14="",'Configuração'!$C$3<>"OK"),"",IFERROR(B14/SUM($B$11:$B$110),"")) | J14: =IF(OR($A14="",'Configuração'!$C$3<>"OK"),"",IF(B14=0,"Sem gasto no período",IF(OR(B14>='Configuração'!$B$7,C14>='Configuração'!$B$9,AND(E14>0,H14>='Configuração'!$B$8)),"Revisar","Acompanhar"))) | K14: =IF(OR($A14="",B14=0,'Configuração'!$C$3<>"OK"),"",IF(B14>='Configuração'!$B$7,"Gasto acumulado atingiu o limite",IF(C14>='Configuração'!$B$9,"Frequência atingiu o limite",IF(AND(E14>0,H14>='Configuração'!$B$8),"Variação atingiu o limite",IF(E14=0,"Sem base no período anterior","Dentro dos limites")))))
A15: =IF('Listas'!A9="","",IF(COUNTIF('Listas'!$A$5:A9,'Listas'!A9)>1,"",'Listas'!A9)) | B15: =IF(OR($A15="",'Configuração'!$C$3<>"OK"),"",SUMIFS('Lançamentos'!$F$5:$F$204,'Lançamentos'!$C$5:$C$204,$A15,'Lançamentos'!$G$5:$G$204,"Confirmada",'Lançamentos'!$I$5:$I$204,"",'Lançamentos'!$B$5:$B$204,">="&'Configuração'!$B$3,'Lançamentos'!$B$5:$B$204,"<="&'Configuração'!$B$4)) | C15: =IF(OR($A15="",'Configuração'!$C$3<>"OK"),"",COUNTIFS('Lançamentos'!$C$5:$C$204,$A15,'Lançamentos'!$G$5:$G$204,"Confirmada",'Lançamentos'!$I$5:$I$204,"",'Lançamentos'!$B$5:$B$204,">="&'Configuração'!$B$3,'Lançamentos'!$B$5:$B$204,"<="&'Configuração'!$B$4)) | D15: =IFERROR(B15/C15,"") | E15: =IF(OR($A15="",'Configuração'!$C$3<>"OK"),"",SUMIFS('Lançamentos'!$F$5:$F$204,'Lançamentos'!$C$5:$C$204,$A15,'Lançamentos'!$G$5:$G$204,"Confirmada",'Lançamentos'!$I$5:$I$204,"",'Lançamentos'!$B$5:$B$204,">="&'Configuração'!$B$5,'Lançamentos'!$B$5:$B$204,"<="&'Configuração'!$B$6)) | F15: =IF(OR($A15="",'Configuração'!$C$3<>"OK"),"",COUNTIFS('Lançamentos'!$C$5:$C$204,$A15,'Lançamentos'!$G$5:$G$204,"Confirmada",'Lançamentos'!$I$5:$I$204,"",'Lançamentos'!$B$5:$B$204,">="&'Configuração'!$B$5,'Lançamentos'!$B$5:$B$204,"<="&'Configuração'!$B$6)) | G15: =IF(OR($A15="",'Configuração'!$C$3<>"OK"),"",B15-E15) | H15: =IF(OR($A15="",'Configuração'!$C$3<>"OK",E15=0),"",IFERROR(G15/E15,"")) | I15: =IF(OR($A15="",'Configuração'!$C$3<>"OK"),"",IFERROR(B15/SUM($B$11:$B$110),"")) | J15: =IF(OR($A15="",'Configuração'!$C$3<>"OK"),"",IF(B15=0,"Sem gasto no período",IF(OR(B15>='Configuração'!$B$7,C15>='Configuração'!$B$9,AND(E15>0,H15>='Configuração'!$B$8)),"Revisar","Acompanhar"))) | K15: =IF(OR($A15="",B15=0,'Configuração'!$C$3<>"OK"),"",IF(B15>='Configuração'!$B$7,"Gasto acumulado atingiu o limite",IF(C15>='Configuração'!$B$9,"Frequência atingiu o limite",IF(AND(E15>0,H15>='Configuração'!$B$8),"Variação atingiu o limite",IF(E15=0,"Sem base no período anterior","Dentro dos limites")))))
A16: =IF('Listas'!A10="","",IF(COUNTIF('Listas'!$A$5:A10,'Listas'!A10)>1,"",'Listas'!A10)) | B16: =IF(OR($A16="",'Configuração'!$C$3<>"OK"),"",SUMIFS('Lançamentos'!$F$5:$F$204,'Lançamentos'!$C$5:$C$204,$A16,'Lançamentos'!$G$5:$G$204,"Confirmada",'Lançamentos'!$I$5:$I$204,"",'Lançamentos'!$B$5:$B$204,">="&'Configuração'!$B$3,'Lançamentos'!$B$5:$B$204,"<="&'Configuração'!$B$4)) | C16: =IF(OR($A16="",'Configuração'!$C$3<>"OK"),"",COUNTIFS('Lançamentos'!$C$5:$C$204,$A16,'Lançamentos'!$G$5:$G$204,"Confirmada",'Lançamentos'!$I$5:$I$204,"",'Lançamentos'!$B$5:$B$204,">="&'Configuração'!$B$3,'Lançamentos'!$B$5:$B$204,"<="&'Configuração'!$B$4)) | D16: =IFERROR(B16/C16,"") | E16: =IF(OR($A16="",'Configuração'!$C$3<>"OK"),"",SUMIFS('Lançamentos'!$F$5:$F$204,'Lançamentos'!$C$5:$C$204,$A16,'Lançamentos'!$G$5:$G$204,"Confirmada",'Lançamentos'!$I$5:$I$204,"",'Lançamentos'!$B$5:$B$204,">="&'Configuração'!$B$5,'Lançamentos'!$B$5:$B$204,"<="&'Configuração'!$B$6)) | F16: =IF(OR($A16="",'Configuração'!$C$3<>"OK"),"",COUNTIFS('Lançamentos'!$C$5:$C$204,$A16,'Lançamentos'!$G$5:$G$204,"Confirmada",'Lançamentos'!$I$5:$I$204,"",'Lançamentos'!$B$5:$B$204,">="&'Configuração'!$B$5,'Lançamentos'!$B$5:$B$204,"<="&'Configuração'!$B$6)) | G16: =IF(OR($A16="",'Configuração'!$C$3<>"OK"),"",B16-E16) | H16: =IF(OR($A16="",'Configuração'!$C$3<>"OK",E16=0),"",IFERROR(G16/E16,"")) | I16: =IF(OR($A16="",'Configuração'!$C$3<>"OK"),"",IFERROR(B16/SUM($B$11:$B$110),"")) | J16: =IF(OR($A16="",'Configuração'!$C$3<>"OK"),"",IF(B16=0,"Sem gasto no período",IF(OR(B16>='Configuração'!$B$7,C16>='Configuração'!$B$9,AND(E16>0,H16>='Configuração'!$B$8)),"Revisar","Acompanhar"))) | K16: =IF(OR($A16="",B16=0,'Configuração'!$C$3<>"OK"),"",IF(B16>='Configuração'!$B$7,"Gasto acumulado atingiu o limite",IF(C16>='Configuração'!$B$9,"Frequência atingiu o limite",IF(AND(E16>0,H16>='Configuração'!$B$8),"Variação atingiu o limite",IF(E16=0,"Sem base no período anterior","Dentro dos limites")))))
A17: =IF('Listas'!A11="","",IF(COUNTIF('Listas'!$A$5:A11,'Listas'!A11)>1,"",'Listas'!A11)) | B17: =IF(OR($A17="",'Configuração'!$C$3<>"OK"),"",SUMIFS('Lançamentos'!$F$5:$F$204,'Lançamentos'!$C$5:$C$204,$A17,'Lançamentos'!$G$5:$G$204,"Confirmada",'Lançamentos'!$I$5:$I$204,"",'Lançamentos'!$B$5:$B$204,">="&'Configuração'!$B$3,'Lançamentos'!$B$5:$B$204,"<="&'Configuração'!$B$4)) | C17: =IF(OR($A17="",'Configuração'!$C$3<>"OK"),"",COUNTIFS('Lançamentos'!$C$5:$C$204,$A17,'Lançamentos'!$G$5:$G$204,"Confirmada",'Lançamentos'!$I$5:$I$204,"",'Lançamentos'!$B$5:$B$204,">="&'Configuração'!$B$3,'Lançamentos'!$B$5:$B$204,"<="&'Configuração'!$B$4)) | D17: =IFERROR(B17/C17,"") | E17: =IF(OR($A17="",'Configuração'!$C$3<>"OK"),"",SUMIFS('Lançamentos'!$F$5:$F$204,'Lançamentos'!$C$5:$C$204,$A17,'Lançamentos'!$G$5:$G$204,"Confirmada",'Lançamentos'!$I$5:$I$204,"",'Lançamentos'!$B$5:$B$204,">="&'Configuração'!$B$5,'Lançamentos'!$B$5:$B$204,"<="&'Configuração'!$B$6)) | F17: =IF(OR($A17="",'Configuração'!$C$3<>"OK"),"",COUNTIFS('Lançamentos'!$C$5:$C$204,$A17,'Lançamentos'!$G$5:$G$204,"Confirmada",'Lançamentos'!$I$5:$I$204,"",'Lançamentos'!$B$5:$B$204,">="&'Configuração'!$B$5,'Lançamentos'!$B$5:$B$204,"<="&'Configuração'!$B$6)) | G17: =IF(OR($A17="",'Configuração'!$C$3<>"OK"),"",B17-E17) | H17: =IF(OR($A17="",'Configuração'!$C$3<>"OK",E17=0),"",IFERROR(G17/E17,"")) | I17: =IF(OR($A17="",'Configuração'!$C$3<>"OK"),"",IFERROR(B17/SUM($B$11:$B$110),"")) | J17: =IF(OR($A17="",'Configuração'!$C$3<>"OK"),"",IF(B17=0,"Sem gasto no período",IF(OR(B17>='Configuração'!$B$7,C17>='Configuração'!$B$9,AND(E17>0,H17>='Configuração'!$B$8)),"Revisar","Acompanhar"))) | K17: =IF(OR($A17="",B17=0,'Configuração'!$C$3<>"OK"),"",IF(B17>='Configuração'!$B$7,"Gasto acumulado atingiu o limite",IF(C17>='Configuração'!$B$9,"Frequência atingiu o limite",IF(AND(E17>0,H17>='Configuração'!$B$8),"Variação atingiu o limite",IF(E17=0,"Sem base no período anterior","Dentro dos limites")))))
A18: =IF('Listas'!A12="","",IF(COUNTIF('Listas'!$A$5:A12,'Listas'!A12)>1,"",'Listas'!A12)) | B18: =IF(OR($A18="",'Configuração'!$C$3<>"OK"),"",SUMIFS('Lançamentos'!$F$5:$F$204,'Lançamentos'!$C$5:$C$204,$A18,'Lançamentos'!$G$5:$G$204,"Confirmada",'Lançamentos'!$I$5:$I$204,"",'Lançamentos'!$B$5:$B$204,">="&'Configuração'!$B$3,'Lançamentos'!$B$5:$B$204,"<="&'Configuração'!$B$4)) | C18: =IF(OR($A18="",'Configuração'!$C$3<>"OK"),"",COUNTIFS('Lançamentos'!$C$5:$C$204,$A18,'Lançamentos'!$G$5:$G$204,"Confirmada",'Lançamentos'!$I$5:$I$204,"",'Lançamentos'!$B$5:$B$204,">="&'Configuração'!$B$3,'Lançamentos'!$B$5:$B$204,"<="&'Configuração'!$B$4)) | D18: =IFERROR(B18/C18,"") | E18: =IF(OR($A18="",'Configuração'!$C$3<>"OK"),"",SUMIFS('Lançamentos'!$F$5:$F$204,'Lançamentos'!$C$5:$C$204,$A18,'Lançamentos'!$G$5:$G$204,"Confirmada",'Lançamentos'!$I$5:$I$204,"",'Lançamentos'!$B$5:$B$204,">="&'Configuração'!$B$5,'Lançamentos'!$B$5:$B$204,"<="&'Configuração'!$B$6)) | F18: =IF(OR($A18="",'Configuração'!$C$3<>"OK"),"",COUNTIFS('Lançamentos'!$C$5:$C$204,$A18,'Lançamentos'!$G$5:$G$204,"Confirmada",'Lançamentos'!$I$5:$I$204,"",'Lançamentos'!$B$5:$B$204,">="&'Configuração'!$B$5,'Lançamentos'!$B$5:$B$204,"<="&'Configuração'!$B$6)) | G18: =IF(OR($A18="",'Configuração'!$C$3<>"OK"),"",B18-E18) | H18: =IF(OR($A18="",'Configuração'!$C$3<>"OK",E18=0),"",IFERROR(G18/E18,"")) | I18: =IF(OR($A18="",'Configuração'!$C$3<>"OK"),"",IFERROR(B18/SUM($B$11:$B$110),"")) | J18: =IF(OR($A18="",'Configuração'!$C$3<>"OK"),"",IF(B18=0,"Sem gasto no período",IF(OR(B18>='Configuração'!$B$7,C18>='Configuração'!$B$9,AND(E18>0,H18>='Configuração'!$B$8)),"Revisar","Acompanhar"))) | K18: =IF(OR($A18="",B18=0,'Configuração'!$C$3<>"OK"),"",IF(B18>='Configuração'!$B$7,"Gasto acumulado atingiu o limite",IF(C18>='Configuração'!$B$9,"Frequência atingiu o limite",IF(AND(E18>0,H18>='Configuração'!$B$8),"Variação atingiu o limite",IF(E18=0,"Sem base no período anterior","Dentro dos limites")))))
A19: =IF('Listas'!A13="","",IF(COUNTIF('Listas'!$A$5:A13,'Listas'!A13)>1,"",'Listas'!A13)) | B19: =IF(OR($A19="",'Configuração'!$C$3<>"OK"),"",SUMIFS('Lançamentos'!$F$5:$F$204,'Lançamentos'!$C$5:$C$204,$A19,'Lançamentos'!$G$5:$G$204,"Confirmada",'Lançamentos'!$I$5:$I$204,"",'Lançamentos'!$B$5:$B$204,">="&'Configuração'!$B$3,'Lançamentos'!$B$5:$B$204,"<="&'Configuração'!$B$4)) | C19: =IF(OR($A19="",'Configuração'!$C$3<>"OK"),"",COUNTIFS('Lançamentos'!$C$5:$C$204,$A19,'Lançamentos'!$G$5:$G$204,"Confirmada",'Lançamentos'!$I$5:$I$204,"",'Lançamentos'!$B$5:$B$204,">="&'Configuração'!$B$3,'Lançamentos'!$B$5:$B$204,"<="&'Configuração'!$B$4)) | D19: =IFERROR(B19/C19,"") | E19: =IF(OR($A19="",'Configuração'!$C$3<>"OK"),"",SUMIFS('Lançamentos'!$F$5:$F$204,'Lançamentos'!$C$5:$C$204,$A19,'Lançamentos'!$G$5:$G$204,"Confirmada",'Lançamentos'!$I$5:$I$204,"",'Lançamentos'!$B$5:$B$204,">="&'Configuração'!$B$5,'Lançamentos'!$B$5:$B$204,"<="&'Configuração'!$B$6)) | F19: =IF(OR($A19="",'Configuração'!$C$3<>"OK"),"",COUNTIFS('Lançamentos'!$C$5:$C$204,$A19,'Lançamentos'!$G$5:$G$204,"Confirmada",'Lançamentos'!$I$5:$I$204,"",'Lançamentos'!$B$5:$B$204,">="&'Configuração'!$B$5,'Lançamentos'!$B$5:$B$204,"<="&'Configuração'!$B$6)) | G19: =IF(OR($A19="",'Configuração'!$C$3<>"OK"),"",B19-E19) | H19: =IF(OR($A19="",'Configuração'!$C$3<>"OK",E19=0),"",IFERROR(G19/E19,"")) | I19: =IF(OR($A19="",'Configuração'!$C$3<>"OK"),"",IFERROR(B19/SUM($B$11:$B$110),"")) | J19: =IF(OR($A19="",'Configuração'!$C$3<>"OK"),"",IF(B19=0,"Sem gasto no período",IF(OR(B19>='Configuração'!$B$7,C19>='Configuração'!$B$9,AND(E19>0,H19>='Configuração'!$B$8)),"Revisar","Acompanhar"))) | K19: =IF(OR($A19="",B19=0,'Configuração'!$C$3<>"OK"),"",IF(B19>='Configuração'!$B$7,"Gasto acumulado atingiu o limite",IF(C19>='Configuração'!$B$9,"Frequência atingiu o limite",IF(AND(E19>0,H19>='Configuração'!$B$8),"Variação atingiu o limite",IF(E19=0,"Sem base no período anterior","Dentro dos limites")))))
A20: =IF('Listas'!A14="","",IF(COUNTIF('Listas'!$A$5:A14,'Listas'!A14)>1,"",'Listas'!A14)) | B20: =IF(OR($A20="",'Configuração'!$C$3<>"OK"),"",SUMIFS('Lançamentos'!$F$5:$F$204,'Lançamentos'!$C$5:$C$204,$A20,'Lançamentos'!$G$5:$G$204,"Confirmada",'Lançamentos'!$I$5:$I$204,"",'Lançamentos'!$B$5:$B$204,">="&'Configuração'!$B$3,'Lançamentos'!$B$5:$B$204,"<="&'Configuração'!$B$4)) | C20: =IF(OR($A20="",'Configuração'!$C$3<>"OK"),"",COUNTIFS('Lançamentos'!$C$5:$C$204,$A20,'Lançamentos'!$G$5:$G$204,"Confirmada",'Lançamentos'!$I$5:$I$204,"",'Lançamentos'!$B$5:$B$204,">="&'Configuração'!$B$3,'Lançamentos'!$B$5:$B$204,"<="&'Configuração'!$B$4)) | D20: =IFERROR(B20/C20,"") | E20: =IF(OR($A20="",'Configuração'!$C$3<>"OK"),"",SUMIFS('Lançamentos'!$F$5:$F$204,'Lançamentos'!$C$5:$C$204,$A20,'Lançamentos'!$G$5:$G$204,"Confirmada",'Lançamentos'!$I$5:$I$204,"",'Lançamentos'!$B$5:$B$204,">="&'Configuração'!$B$5,'Lançamentos'!$B$5:$B$204,"<="&'Configuração'!$B$6)) | F20: =IF(OR($A20="",'Configuração'!$C$3<>"OK"),"",COUNTIFS('Lançamentos'!$C$5:$C$204,$A20,'Lançamentos'!$G$5:$G$204,"Confirmada",'Lançamentos'!$I$5:$I$204,"",'Lançamentos'!$B$5:$B$204,">="&'Configuração'!$B$5,'Lançamentos'!$B$5:$B$204,"<="&'Configuração'!$B$6)) | G20: =IF(OR($A20="",'Configuração'!$C$3<>"OK"),"",B20-E20) | H20: =IF(OR($A20="",'Configuração'!$C$3<>"OK",E20=0),"",IFERROR(G20/E20,"")) | I20: =IF(OR($A20="",'Configuração'!$C$3<>"OK"),"",IFERROR(B20/SUM($B$11:$B$110),"")) | J20: =IF(OR($A20="",'Configuração'!$C$3<>"OK"),"",IF(B20=0,"Sem gasto no período",IF(OR(B20>='Configuração'!$B$7,C20>='Configuração'!$B$9,AND(E20>0,H20>='Configuração'!$B$8)),"Revisar","Acompanhar"))) | K20: =IF(OR($A20="",B20=0,'Configuração'!$C$3<>"OK"),"",IF(B20>='Configuração'!$B$7,"Gasto acumulado atingiu o limite",IF(C20>='Configuração'!$B$9,"Frequência atingiu o limite",IF(AND(E20>0,H20>='Configuração'!$B$8),"Variação atingiu o limite",IF(E20=0,"Sem base no período anterior","Dentro dos limites")))))
A21: =IF('Listas'!A15="","",IF(COUNTIF('Listas'!$A$5:A15,'Listas'!A15)>1,"",'Listas'!A15)) | B21: =IF(OR($A21="",'Configuração'!$C$3<>"OK"),"",SUMIFS('Lançamentos'!$F$5:$F$204,'Lançamentos'!$C$5:$C$204,$A21,'Lançamentos'!$G$5:$G$204,"Confirmada",'Lançamentos'!$I$5:$I$204,"",'Lançamentos'!$B$5:$B$204,">="&'Configuração'!$B$3,'Lançamentos'!$B$5:$B$204,"<="&'Configuração'!$B$4)) | C21: =IF(OR($A21="",'Configuração'!$C$3<>"OK"),"",COUNTIFS('Lançamentos'!$C$5:$C$204,$A21,'Lançamentos'!$G$5:$G$204,"Confirmada",'Lançamentos'!$I$5:$I$204,"",'Lançamentos'!$B$5:$B$204,">="&'Configuração'!$B$3,'Lançamentos'!$B$5:$B$204,"<="&'Configuração'!$B$4)) | D21: =IFERROR(B21/C21,"") | E21: =IF(OR($A21="",'Configuração'!$C$3<>"OK"),"",SUMIFS('Lançamentos'!$F$5:$F$204,'Lançamentos'!$C$5:$C$204,$A21,'Lançamentos'!$G$5:$G$204,"Confirmada",'Lançamentos'!$I$5:$I$204,"",'Lançamentos'!$B$5:$B$204,">="&'Configuração'!$B$5,'Lançamentos'!$B$5:$B$204,"<="&'Configuração'!$B$6)) | F21: =IF(OR($A21="",'Configuração'!$C$3<>"OK"),"",COUNTIFS('Lançamentos'!$C$5:$C$204,$A21,'Lançamentos'!$G$5:$G$204,"Confirmada",'Lançamentos'!$I$5:$I$204,"",'Lançamentos'!$B$5:$B$204,">="&'Configuração'!$B$5,'Lançamentos'!$B$5:$B$204,"<="&'Configuração'!$B$6)) | G21: =IF(OR($A21="",'Configuração'!$C$3<>"OK"),"",B21-E21) | H21: =IF(OR($A21="",'Configuração'!$C$3<>"OK",E21=0),"",IFERROR(G21/E21,"")) | I21: =IF(OR($A21="",'Configuração'!$C$3<>"OK"),"",IFERROR(B21/SUM($B$11:$B$110),"")) | J21: =IF(OR($A21="",'Configuração'!$C$3<>"OK"),"",IF(B21=0,"Sem gasto no período",IF(OR(B21>='Configuração'!$B$7,C21>='Configuração'!$B$9,AND(E21>0,H21>='Configuração'!$B$8)),"Revisar","Acompanhar"))) | K21: =IF(OR($A21="",B21=0,'Configuração'!$C$3<>"OK"),"",IF(B21>='Configuração'!$B$7,"Gasto acumulado atingiu o limite",IF(C21>='Configuração'!$B$9,"Frequência atingiu o limite",IF(AND(E21>0,H21>='Configuração'!$B$8),"Variação atingiu o limite",IF(E21=0,"Sem base no período anterior","Dentro dos limites")))))
A22: =IF('Listas'!A16="","",IF(COUNTIF('Listas'!$A$5:A16,'Listas'!A16)>1,"",'Listas'!A16)) | B22: =IF(OR($A22="",'Configuração'!$C$3<>"OK"),"",SUMIFS('Lançamentos'!$F$5:$F$204,'Lançamentos'!$C$5:$C$204,$A22,'Lançamentos'!$G$5:$G$204,"Confirmada",'Lançamentos'!$I$5:$I$204,"",'Lançamentos'!$B$5:$B$204,">="&'Configuração'!$B$3,'Lançamentos'!$B$5:$B$204,"<="&'Configuração'!$B$4)) | C22: =IF(OR($A22="",'Configuração'!$C$3<>"OK"),"",COUNTIFS('Lançamentos'!$C$5:$C$204,$A22,'Lançamentos'!$G$5:$G$204,"Confirmada",'Lançamentos'!$I$5:$I$204,"",'Lançamentos'!$B$5:$B$204,">="&'Configuração'!$B$3,'Lançamentos'!$B$5:$B$204,"<="&'Configuração'!$B$4)) | D22: =IFERROR(B22/C22,"") | E22: =IF(OR($A22="",'Configuração'!$C$3<>"OK"),"",SUMIFS('Lançamentos'!$F$5:$F$204,'Lançamentos'!$C$5:$C$204,$A22,'Lançamentos'!$G$5:$G$204,"Confirmada",'Lançamentos'!$I$5:$I$204,"",'Lançamentos'!$B$5:$B$204,">="&'Configuração'!$B$5,'Lançamentos'!$B$5:$B$204,"<="&'Configuração'!$B$6)) | F22: =IF(OR($A22="",'Configuração'!$C$3<>"OK"),"",COUNTIFS('Lançamentos'!$C$5:$C$204,$A22,'Lançamentos'!$G$5:$G$204,"Confirmada",'Lançamentos'!$I$5:$I$204,"",'Lançamentos'!$B$5:$B$204,">="&'Configuração'!$B$5,'Lançamentos'!$B$5:$B$204,"<="&'Configuração'!$B$6)) | G22: =IF(OR($A22="",'Configuração'!$C$3<>"OK"),"",B22-E22) | H22: =IF(OR($A22="",'Configuração'!$C$3<>"OK",E22=0),"",IFERROR(G22/E22,"")) | I22: =IF(OR($A22="",'Configuração'!$C$3<>"OK"),"",IFERROR(B22/SUM($B$11:$B$110),"")) | J22: =IF(OR($A22="",'Configuração'!$C$3<>"OK"),"",IF(B22=0,"Sem gasto no período",IF(OR(B22>='Configuração'!$B$7,C22>='Configuração'!$B$9,AND(E22>0,H22>='Configuração'!$B$8)),"Revisar","Acompanhar"))) | K22: =IF(OR($A22="",B22=0,'Configuração'!$C$3<>"OK"),"",IF(B22>='Configuração'!$B$7,"Gasto acumulado atingiu o limite",IF(C22>='Configuração'!$B$9,"Frequência atingiu o limite",IF(AND(E22>0,H22>='Configuração'!$B$8),"Variação atingiu o limite",IF(E22=0,"Sem base no período anterior","Dentro dos limites")))))
... A110: =IF('Listas'!A104="","",IF(COUNTIF('Listas'!$A$5:A104,'Listas'!A104)>1,"",'Listas'!A104)) | B110: =IF(OR($A110="",'Configuração'!$C$3<>"OK"),"",SUMIFS('Lançamentos'!$F$5:$F$204,'Lançamentos'!$C$5:$C$204,$A110,'Lançamentos'!$G$5:$G$204,"Confirmada",'Lançamentos'!$I$5:$I$204,"",'Lançamentos'!$B$5:$B$204,">="&'Configuração'!$B$3,'Lançamentos'!$B$5:$B$204,"<="&'Configuração'!$B$4)) | C110: =IF(OR($A110="",'Configuração'!$C$3<>"OK"),"",COUNTIFS('Lançamentos'!$C$5:$C$204,$A110,'Lançamentos'!$G$5:$G$204,"Confirmada",'Lançamentos'!$I$5:$I$204,"",'Lançamentos'!$B$5:$B$204,">="&'Configuração'!$B$3,'Lançamentos'!$B$5:$B$204,"<="&'Configuração'!$B$4)) | D110: =IFERROR(B110/C110,"") | E110: =IF(OR($A110="",'Configuração'!$C$3<>"OK"),"",SUMIFS('Lançamentos'!$F$5:$F$204,'Lançamentos'!$C$5:$C$204,$A110,'Lançamentos'!$G$5:$G$204,"Confirmada",'Lançamentos'!$I$5:$I$204,"",'Lançamentos'!$B$5:$B$204,">="&'Configuração'!$B$5,'Lançamentos'!$B$5:$B$204,"<="&'Configuração'!$B$6)) | F110: =IF(OR($A110="",'Configuração'!$C$3<>"OK"),"",COUNTIFS('Lançamentos'!$C$5:$C$204,$A110,'Lançamentos'!$G$5:$G$204,"Confirmada",'Lançamentos'!$I$5:$I$204,"",'Lançamentos'!$B$5:$B$204,">="&'Configuração'!$B$5,'Lançamentos'!$B$5:$B$204,"<="&'Configuração'!$B$6)) | G110: =IF(OR($A110="",'Configuração'!$C$3<>"OK"),"",B110-E110) | H110: =IF(OR($A110="",'Configuração'!$C$3<>"OK",E110=0),"",IFERROR(G110/E110,"")) | I110: =IF(OR($A110="",'Configuração'!$C$3<>"OK"),"",IFERROR(B110/SUM($B$11:$B$110),"")) | J110: =IF(OR($A110="",'Configuração'!$C$3<>"OK"),"",IF(B110=0,"Sem gasto no período",IF(OR(B110>='Configuração'!$B$7,C110>='Configuração'!$B$9,AND(E110>0,H110>='Configuração'!$B$8)),"Revisar","Acompanhar"))) | K110: =IF(OR($A110="",B110=0,'Configuração'!$C$3<>"OK"),"",IF(B110>='Configuração'!$B$7,"Gasto acumulado atingiu o limite",IF(C110>='Configuração'!$B$9,"Frequência atingiu o limite",IF(AND(E110>0,H110>='Configuração'!$B$8),"Variação atingiu o limite",IF(E110=0,"Sem base no período anterior","Dentro dos limites")))))

Sheet Configuração
A1: Configuração dos períodos e limites
A2: Premissa | B2: Valor editável | C2: Situação das premissas
A3: Início do período atual | B3: 46174 | C3: =IF(COUNTA(B3:B9)<7,"Preencher premissas",IF(AND(B3<=B4,B5<=B6,B6<B3,B4-B3=B6-B5,B7>=0,B8>=0,B9>=1),"OK","Revisar premissas"))
A4: Fim do período atual | B4: 46265
A5: Início do período anterior | B5: 46082
A6: Fim do período anterior | B6: 46173
A7: Limite de gasto acumulado para revisão | B7: 1500
A8: Limite de aumento para revisão | B8: 0.2
A9: Limite de frequência para revisão | B9: 3
A12: Interpretação de “Confirmada” | B12: Indica somente que o lançamento está apto para esta análise administrativa; não indica pagamento.
A13: Fora do escopo | B13: A pasta não controla vencimentos, pagamentos, orçamento, fluxo de caixa, contratos ou obrigações contábeis e tributárias.
A14: Correções e estornos | B14: Corrija o lançamento ou use a situação “A revisar”. Valores negativos não são aceitos.

Sheet Listas
A1: Listas padronizadas para os lançamentos
A2: Cadastros editáveis para padronizar fornecedores, categorias e situações.
A4: Fornecedor | B4: Alerta do cadastro | D4: Categoria permitida | F4: Situação permitida
A5: Energia Exemplo S.A. | B5: =IF(A5="","",IF(COUNTIF($A$5:$A$104,A5)>1,"Fornecedor duplicado","")) | D5: Utilidades | F5: Confirmada
A6: Papelaria Fictícia Ltda. | B6: =IF(A6="","",IF(COUNTIF($A$5:$A$104,A6)>1,"Fornecedor duplicado","")) | D6: Material de escritório | F6: A revisar
A7: Limpeza Modelo ME | B7: =IF(A7="","",IF(COUNTIF($A$5:$A$104,A7)>1,"Fornecedor duplicado","")) | D7: Limpeza
A8: Manutenção Simulada Ltda. | B8: =IF(A8="","",IF(COUNTIF($A$5:$A$104,A8)>1,"Fornecedor duplicado","")) | D8: Manutenção
A9: Som e Luz Cenográfica Ltda. | B9: =IF(A9="","",IF(COUNTIF($A$5:$A$104,A9)>1,"Fornecedor duplicado","")) | D9: Áudio e vídeo
A10: Gráfica Demonstração Ltda. | B10: =IF(A10="","",IF(COUNTIF($A$5:$A$104,A10)>1,"Fornecedor duplicado","")) | D10: Comunicação
A11: Água Ilustrativa S.A. | B11: =IF(A11="","",IF(COUNTIF($A$5:$A$104,A11)>1,"Fornecedor duplicado","")) | D11: Alimentação
A12: Materiais Cenário Ltda. | B12: =IF(A12="","",IF(COUNTIF($A$5:$A$104,A12)>1,"Fornecedor duplicado","")) | D12: Outros
B13: =IF(A13="","",IF(COUNTIF($A$5:$A$104,A13)>1,"Fornecedor duplicado",""))
B14: =IF(A14="","",IF(COUNTIF($A$5:$A$104,A14)>1,"Fornecedor duplicado",""))
B15: =IF(A15="","",IF(COUNTIF($A$5:$A$104,A15)>1,"Fornecedor duplicado",""))
B16: =IF(A16="","",IF(COUNTIF($A$5:$A$104,A16)>1,"Fornecedor duplicado",""))
B17: =IF(A17="","",IF(COUNTIF($A$5:$A$104,A17)>1,"Fornecedor duplicado",""))
B18: =IF(A18="","",IF(COUNTIF($A$5:$A$104,A18)>1,"Fornecedor duplicado",""))
B19: =IF(A19="","",IF(COUNTIF($A$5:$A$104,A19)>1,"Fornecedor duplicado",""))
B20: =IF(A20="","",IF(COUNTIF($A$5:$A$104,A20)>1,"Fornecedor duplicado",""))
B21: =IF(A21="","",IF(COUNTIF($A$5:$A$104,A21)>1,"Fornecedor duplicado",""))
B22: =IF(A22="","",IF(COUNTIF($A$5:$A$104,A22)>1,"Fornecedor duplicado",""))
B23: =IF(A23="","",IF(COUNTIF($A$5:$A$104,A23)>1,"Fornecedor duplicado",""))
B24: =IF(A24="","",IF(COUNTIF($A$5:$A$104,A24)>1,"Fornecedor duplicado",""))
... B104: =IF(A104="","",IF(COUNTIF($A$5:$A$104,A104)>1,"Fornecedor duplicado",""))

Sheet Lançamentos
A1: Lançamentos de despesas para análise
A2: Somente despesas confirmadas, sem alerta e com valor positivo entram no resumo.
A4: ID do lançamento | B4: Data da despesa | C4: Fornecedor | D4: Categoria | E4: Descrição | F4: Valor (R$) | G4: Situação | H4: Período | I4: Alerta do lançamento
A5: DESP-FIC-001 | B5: 46086 | C5: Energia Exemplo S.A. | D5: Utilidades | E5: Consumo demonstrativo de março | F5: 850 | G5: Confirmada | H5: =IF(B5="","",IF('Configuração'!$C$3<>"OK","Revisar premissas",IF(AND(B5>='Configuração'!$B$3,B5<='Configuração'!$B$4),"Atual",IF(AND(B5>='Configuração'!$B$5,B5<='Configuração'!$B$6),"Anterior","Fora dos períodos")))) | I5: =IF(COUNTA(A5:G5)=0,"",IF(A5="","ID ausente",IF(COUNTIF($A$5:$A$204,A5)>1,"ID duplicado",IF(OR(B5="",C5="",D5="",E5="",F5="",G5=""),"Dados incompletos",IF(OR(NOT(ISNUMBER(B5)),NOT(ISNUMBER(F5)),F5<=0),"Data ou valor inválido",IF(COUNTIF('Listas'!$A$5:$A$104,C5)=0,"Fornecedor fora da lista",IF(COUNTIF('Listas'!$D$5:$D$24,D5)=0,"Categoria fora da lista",IF(AND(G5<>"Confirmada",G5<>"A revisar"),"Situação inválida",IF(G5="A revisar","Revisar lançamento","")))))))))
A6: DESP-FIC-002 | B6: 46130 | C6: Papelaria Fictícia Ltda. | D6: Material de escritório | E6: Materiais administrativos fictícios | F6: 230 | G6: Confirmada | H6: =IF(B6="","",IF('Configuração'!$C$3<>"OK","Revisar premissas",IF(AND(B6>='Configuração'!$B$3,B6<='Configuração'!$B$4),"Atual",IF(AND(B6>='Configuração'!$B$5,B6<='Configuração'!$B$6),"Anterior","Fora dos períodos")))) | I6: =IF(COUNTA(A6:G6)=0,"",IF(A6="","ID ausente",IF(COUNTIF($A$5:$A$204,A6)>1,"ID duplicado",IF(OR(B6="",C6="",D6="",E6="",F6="",G6=""),"Dados incompletos",IF(OR(NOT(ISNUMBER(B6)),NOT(ISNUMBER(F6)),F6<=0),"Data ou valor inválido",IF(COUNTIF('Listas'!$A$5:$A$104,C6)=0,"Fornecedor fora da lista",IF(COUNTIF('Listas'!$D$5:$D$24,D6)=0,"Categoria fora da lista",IF(AND(G6<>"Confirmada",G6<>"A revisar"),"Situação inválida",IF(G6="A revisar","Revisar lançamento","")))))))))
A7: DESP-FIC-003 | B7: 46152 | C7: Limpeza Modelo ME | D7: Limpeza | E7: Serviço demonstrativo de limpeza | F7: 420 | G7: Confirmada | H7: =IF(B7="","",IF('Configuração'!$C$3<>"OK","Revisar premissas",IF(AND(B7>='Configuração'!$B$3,B7<='Configuração'!$B$4),"Atual",IF(AND(B7>='Configuração'!$B$5,B7<='Configuração'!$B$6),"Anterior","Fora dos períodos")))) | I7: =IF(COUNTA(A7:G7)=0,"",IF(A7="","ID ausente",IF(COUNTIF($A$5:$A$204,A7)>1,"ID duplicado",IF(OR(B7="",C7="",D7="",E7="",F7="",G7=""),"Dados incompletos",IF(OR(NOT(ISNUMBER(B7)),NOT(ISNUMBER(F7)),F7<=0),"Data ou valor inválido",IF(COUNTIF('Listas'!$A$5:$A$104,C7)=0,"Fornecedor fora da lista",IF(COUNTIF('Listas'!$D$5:$D$24,D7)=0,"Categoria fora da lista",IF(AND(G7<>"Confirmada",G7<>"A revisar"),"Situação inválida",IF(G7="A revisar","Revisar lançamento","")))))))))
A8: DESP-FIC-004 | B8: 46179 | C8: Energia Exemplo S.A. | D8: Utilidades | E8: Consumo demonstrativo de junho | F8: 920 | G8: Confirmada | H8: =IF(B8="","",IF('Configuração'!$C$3<>"OK","Revisar premissas",IF(AND(B8>='Configuração'!$B$3,B8<='Configuração'!$B$4),"Atual",IF(AND(B8>='Configuração'!$B$5,B8<='Configuração'!$B$6),"Anterior","Fora dos períodos")))) | I8: =IF(COUNTA(A8:G8)=0,"",IF(A8="","ID ausente",IF(COUNTIF($A$5:$A$204,A8)>1,"ID duplicado",IF(OR(B8="",C8="",D8="",E8="",F8="",G8=""),"Dados incompletos",IF(OR(NOT(ISNUMBER(B8)),NOT(ISNUMBER(F8)),F8<=0),"Data ou valor inválido",IF(COUNTIF('Listas'!$A$5:$A$104,C8)=0,"Fornecedor fora da lista",IF(COUNTIF('Listas'!$D$5:$D$24,D8)=0,"Categoria fora da lista",IF(AND(G8<>"Confirmada",G8<>"A revisar"),"Situação inválida",IF(G8="A revisar","Revisar lançamento","")))))))))
A9: DESP-FIC-005 | B9: 46188 | C9: Papelaria Fictícia Ltda. | D9: Material de escritório | E9: Reposição fictícia de materiais | F9: 310 | G9: Confirmada | H9: =IF(B9="","",IF('Configuração'!$C$3<>"OK","Revisar premissas",IF(AND(B9>='Configuração'!$B$3,B9<='Configuração'!$B$4),"Atual",IF(AND(B9>='Configuração'!$B$5,B9<='Configuração'!$B$6),"Anterior","Fora dos períodos")))) | I9: =IF(COUNTA(A9:G9)=0,"",IF(A9="","ID ausente",IF(COUNTIF($A$5:$A$204,A9)>1,"ID duplicado",IF(OR(B9="",C9="",D9="",E9="",F9="",G9=""),"Dados incompletos",IF(OR(NOT(ISNUMBER(B9)),NOT(ISNUMBER(F9)),F9<=0),"Data ou valor inválido",IF(COUNTIF('Listas'!$A$5:$A$104,C9)=0,"Fornecedor fora da lista",IF(COUNTIF('Listas'!$D$5:$D$24,D9)=0,"Categoria fora da lista",IF(AND(G9<>"Confirmada",G9<>"A revisar"),"Situação inválida",IF(G9="A revisar","Revisar lançamento","")))))))))
A10: DESP-FIC-006 | B10: 46205 | C10: Limpeza Modelo ME | D10: Limpeza | E10: Serviço demonstrativo de julho | F10: 480 | G10: Confirmada | H10: =IF(B10="","",IF('Configuração'!$C$3<>"OK","Revisar premissas",IF(AND(B10>='Configuração'!$B$3,B10<='Configuração'!$B$4),"Atual",IF(AND(B10>='Configuração'!$B$5,B10<='Configuração'!$B$6),"Anterior","Fora dos períodos")))) | I10: =IF(COUNTA(A10:G10)=0,"",IF(A10="","ID ausente",IF(COUNTIF($A$5:$A$204,A10)>1,"ID duplicado",IF(OR(B10="",C10="",D10="",E10="",F10="",G10=""),"Dados incompletos",IF(OR(NOT(ISNUMBER(B10)),NOT(ISNUMBER(F10)),F10<=0),"Data ou valor inválido",IF(COUNTIF('Listas'!$A$5:$A$104,C10)=0,"Fornecedor fora da lista",IF(COUNTIF('Listas'!$D$5:$D$24,D10)=0,"Categoria fora da lista",IF(AND(G10<>"Confirmada",G10<>"A revisar"),"Situação inválida",IF(G10="A revisar","Revisar lançamento","")))))))))
A11: DESP-FIC-007 | B11: 46223 | C11: Manutenção Simulada Ltda. | D11: Manutenção | E11: Reparo predial fictício | F11: 1500 | G11: Confirmada | H11: =IF(B11="","",IF('Configuração'!$C$3<>"OK","Revisar premissas",IF(AND(B11>='Configuração'!$B$3,B11<='Configuração'!$B$4),"Atual",IF(AND(B11>='Configuração'!$B$5,B11<='Configuração'!$B$6),"Anterior","Fora dos períodos")))) | I11: =IF(COUNTA(A11:G11)=0,"",IF(A11="","ID ausente",IF(COUNTIF($A$5:$A$204,A11)>1,"ID duplicado",IF(OR(B11="",C11="",D11="",E11="",F11="",G11=""),"Dados incompletos",IF(OR(NOT(ISNUMBER(B11)),NOT(ISNUMBER(F11)),F11<=0),"Data ou valor inválido",IF(COUNTIF('Listas'!$A$5:$A$104,C11)=0,"Fornecedor fora da lista",IF(COUNTIF('Listas'!$D$5:$D$24,D11)=0,"Categoria fora da lista",IF(AND(G11<>"Confirmada",G11<>"A revisar"),"Situação inválida",IF(G11="A revisar","Revisar lançamento","")))))))))
A12: DESP-FIC-008 | B12: 46239 | C12: Energia Exemplo S.A. | D12: Utilidades | E12: Consumo demonstrativo de agosto | F12: 980 | G12: Confirmada | H12: =IF(B12="","",IF('Configuração'!$C$3<>"OK","Revisar premissas",IF(AND(B12>='Configuração'!$B$3,B12<='Configuração'!$B$4),"Atual",IF(AND(B12>='Configuração'!$B$5,B12<='Configuração'!$B$6),"Anterior","Fora dos períodos")))) | I12: =IF(COUNTA(A12:G12)=0,"",IF(A12="","ID ausente",IF(COUNTIF($A$5:$A$204,A12)>1,"ID duplicado",IF(OR(B12="",C12="",D12="",E12="",F12="",G12=""),"Dados incompletos",IF(OR(NOT(ISNUMBER(B12)),NOT(ISNUMBER(F12)),F12<=0),"Data ou valor inválido",IF(COUNTIF('Listas'!$A$5:$A$104,C12)=0,"Fornecedor fora da lista",IF(COUNTIF('Listas'!$D$5:$D$24,D12)=0,"Categoria fora da lista",IF(AND(G12<>"Confirmada",G12<>"A revisar"),"Situação inválida",IF(G12="A revisar","Revisar lançamento","")))))))))
A13: DESP-FIC-009 | B13: 46246 | C13: Papelaria Fictícia Ltda. | D13: Material de escritório | E13: Compra fictícia pendente de revisão | F13: 270 | G13: A revisar | H13: =IF(B13="","",IF('Configuração'!$C$3<>"OK","Revisar premissas",IF(AND(B13>='Configuração'!$B$3,B13<='Configuração'!$B$4),"Atual",IF(AND(B13>='Configuração'!$B$5,B13<='Configuração'!$B$6),"Anterior","Fora dos períodos")))) | I13: =IF(COUNTA(A13:G13)=0,"",IF(A13="","ID ausente",IF(COUNTIF($A$5:$A$204,A13)>1,"ID duplicado",IF(OR(B13="",C13="",D13="",E13="",F13="",G13=""),"Dados incompletos",IF(OR(NOT(ISNUMBER(B13)),NOT(ISNUMBER(F13)),F13<=0),"Data ou valor inválido",IF(COUNTIF('Listas'!$A$5:$A$104,C13)=0,"Fornecedor fora da lista",IF(COUNTIF('Listas'!$D$5:$D$24,D13)=0,"Categoria fora da lista",IF(AND(G13<>"Confirmada",G13<>"A revisar"),"Situação inválida",IF(G13="A revisar","Revisar lançamento","")))))))))
A14: DESP-FIC-010 | B14: 46262 | C14: Energia Exemplo S.A. | D14: Utilidades | E14: Ajuste demonstrativo de consumo | F14: 100 | G14: Confirmada | H14: =IF(B14="","",IF('Configuração'!$C$3<>"OK","Revisar premissas",IF(AND(B14>='Configuração'!$B$3,B14<='Configuração'!$B$4),"Atual",IF(AND(B14>='Configuração'!$B$5,B14<='Configuração'!$B$6),"Anterior","Fora dos períodos")))) | I14: =IF(COUNTA(A14:G14)=0,"",IF(A14="","ID ausente",IF(COUNTIF($A$5:$A$204,A14)>1,"ID duplicado",IF(OR(B14="",C14="",D14="",E14="",F14="",G14=""),"Dados incompletos",IF(OR(NOT(ISNUMBER(B14)),NOT(ISNUMBER(F14)),F14<=0),"Data ou valor inválido",IF(COUNTIF('Listas'!$A$5:$A$104,C14)=0,"Fornecedor fora da lista",IF(COUNTIF('Listas'!$D$5:$D$24,D14)=0,"Categoria fora da lista",IF(AND(G14<>"Confirmada",G14<>"A revisar"),"Situação inválida",IF(G14="A revisar","Revisar lançamento","")))))))))
H15: =IF(B15="","",IF('Configuração'!$C$3<>"OK","Revisar premissas",IF(AND(B15>='Configuração'!$B$3,B15<='Configuração'!$B$4),"Atual",IF(AND(B15>='Configuração'!$B$5,B15<='Configuração'!$B$6),"Anterior","Fora dos períodos")))) | I15: =IF(COUNTA(A15:G15)=0,"",IF(A15="","ID ausente",IF(COUNTIF($A$5:$A$204,A15)>1,"ID duplicado",IF(OR(B15="",C15="",D15="",E15="",F15="",G15=""),"Dados incompletos",IF(OR(NOT(ISNUMBER(B15)),NOT(ISNUMBER(F15)),F15<=0),"Data ou valor inválido",IF(COUNTIF('Listas'!$A$5:$A$104,C15)=0,"Fornecedor fora da lista",IF(COUNTIF('Listas'!$D$5:$D$24,D15)=0,"Categoria fora da lista",IF(AND(G15<>"Confirmada",G15<>"A revisar"),"Situação inválida",IF(G15="A revisar","Revisar lançamento","")))))))))
H16: =IF(B16="","",IF('Configuração'!$C$3<>"OK","Revisar premissas",IF(AND(B16>='Configuração'!$B$3,B16<='Configuração'!$B$4),"Atual",IF(AND(B16>='Configuração'!$B$5,B16<='Configuração'!$B$6),"Anterior","Fora dos períodos")))) | I16: =IF(COUNTA(A16:G16)=0,"",IF(A16="","ID ausente",IF(COUNTIF($A$5:$A$204,A16)>1,"ID duplicado",IF(OR(B16="",C16="",D16="",E16="",F16="",G16=""),"Dados incompletos",IF(OR(NOT(ISNUMBER(B16)),NOT(ISNUMBER(F16)),F16<=0),"Data ou valor inválido",IF(COUNTIF('Listas'!$A$5:$A$104,C16)=0,"Fornecedor fora da lista",IF(COUNTIF('Listas'!$D$5:$D$24,D16)=0,"Categoria fora da lista",IF(AND(G16<>"Confirmada",G16<>"A revisar"),"Situação inválida",IF(G16="A revisar","Revisar lançamento","")))))))))
H17: =IF(B17="","",IF('Configuração'!$C$3<>"OK","Revisar premissas",IF(AND(B17>='Configuração'!$B$3,B17<='Configuração'!$B$4),"Atual",IF(AND(B17>='Configuração'!$B$5,B17<='Configuração'!$B$6),"Anterior","Fora dos períodos")))) | I17: =IF(COUNTA(A17:G17)=0,"",IF(A17="","ID ausente",IF(COUNTIF($A$5:$A$204,A17)>1,"ID duplicado",IF(OR(B17="",C17="",D17="",E17="",F17="",G17=""),"Dados incompletos",IF(OR(NOT(ISNUMBER(B17)),NOT(ISNUMBER(F17)),F17<=0),"Data ou valor inválido",IF(COUNTIF('Listas'!$A$5:$A$104,C17)=0,"Fornecedor fora da lista",IF(COUNTIF('Listas'!$D$5:$D$24,D17)=0,"Categoria fora da lista",IF(AND(G17<>"Confirmada",G17<>"A revisar"),"Situação inválida",IF(G17="A revisar","Revisar lançamento","")))))))))
H18: =IF(B18="","",IF('Configuração'!$C$3<>"OK","Revisar premissas",IF(AND(B18>='Configuração'!$B$3,B18<='Configuração'!$B$4),"Atual",IF(AND(B18>='Configuração'!$B$5,B18<='Configuração'!$B$6),"Anterior","Fora dos períodos")))) | I18: =IF(COUNTA(A18:G18)=0,"",IF(A18="","ID ausente",IF(COUNTIF($A$5:$A$204,A18)>1,"ID duplicado",IF(OR(B18="",C18="",D18="",E18="",F18="",G18=""),"Dados incompletos",IF(OR(NOT(ISNUMBER(B18)),NOT(ISNUMBER(F18)),F18<=0),"Data ou valor inválido",IF(COUNTIF('Listas'!$A$5:$A$104,C18)=0,"Fornecedor fora da lista",IF(COUNTIF('Listas'!$D$5:$D$24,D18)=0,"Categoria fora da lista",IF(AND(G18<>"Confirmada",G18<>"A revisar"),"Situação inválida",IF(G18="A revisar","Revisar lançamento","")))))))))
H19: =IF(B19="","",IF('Configuração'!$C$3<>"OK","Revisar premissas",IF(AND(B19>='Configuração'!$B$3,B19<='Configuração'!$B$4),"Atual",IF(AND(B19>='Configuração'!$B$5,B19<='Configuração'!$B$6),"Anterior","Fora dos períodos")))) | I19: =IF(COUNTA(A19:G19)=0,"",IF(A19="","ID ausente",IF(COUNTIF($A$5:$A$204,A19)>1,"ID duplicado",IF(OR(B19="",C19="",D19="",E19="",F19="",G19=""),"Dados incompletos",IF(OR(NOT(ISNUMBER(B19)),NOT(ISNUMBER(F19)),F19<=0),"Data ou valor inválido",IF(COUNTIF('Listas'!$A$5:$A$104,C19)=0,"Fornecedor fora da lista",IF(COUNTIF('Listas'!$D$5:$D$24,D19)=0,"Categoria fora da lista",IF(AND(G19<>"Confirmada",G19<>"A revisar"),"Situação inválida",IF(G19="A revisar","Revisar lançamento","")))))))))
H20: =IF(B20="","",IF('Configuração'!$C$3<>"OK","Revisar premissas",IF(AND(B20>='Configuração'!$B$3,B20<='Configuração'!$B$4),"Atual",IF(AND(B20>='Configuração'!$B$5,B20<='Configuração'!$B$6),"Anterior","Fora dos períodos")))) | I20: =IF(COUNTA(A20:G20)=0,"",IF(A20="","ID ausente",IF(COUNTIF($A$5:$A$204,A20)>1,"ID duplicado",IF(OR(B20="",C20="",D20="",E20="",F20="",G20=""),"Dados incompletos",IF(OR(NOT(ISNUMBER(B20)),NOT(ISNUMBER(F20)),F20<=0),"Data ou valor inválido",IF(COUNTIF('Listas'!$A$5:$A$104,C20)=0,"Fornecedor fora da lista",IF(COUNTIF('Listas'!$D$5:$D$24,D20)=0,"Categoria fora da lista",IF(AND(G20<>"Confirmada",G20<>"A revisar"),"Situação inválida",IF(G20="A revisar","Revisar lançamento","")))))))))
H21: =IF(B21="","",IF('Configuração'!$C$3<>"OK","Revisar premissas",IF(AND(B21>='Configuração'!$B$3,B21<='Configuração'!$B$4),"Atual",IF(AND(B21>='Configuração'!$B$5,B21<='Configuração'!$B$6),"Anterior","Fora dos períodos")))) | I21: =IF(COUNTA(A21:G21)=0,"",IF(A21="","ID ausente",IF(COUNTIF($A$5:$A$204,A21)>1,"ID duplicado",IF(OR(B21="",C21="",D21="",E21="",F21="",G21=""),"Dados incompletos",IF(OR(NOT(ISNUMBER(B21)),NOT(ISNUMBER(F21)),F21<=0),"Data ou valor inválido",IF(COUNTIF('Listas'!$A$5:$A$104,C21)=0,"Fornecedor fora da lista",IF(COUNTIF('Listas'!$D$5:$D$24,D21)=0,"Categoria fora da lista",IF(AND(G21<>"Confirmada",G21<>"A revisar"),"Situação inválida",IF(G21="A revisar","Revisar lançamento","")))))))))
H22: =IF(B22="","",IF('Configuração'!$C$3<>"OK","Revisar premissas",IF(AND(B22>='Configuração'!$B$3,B22<='Configuração'!$B$4),"Atual",IF(AND(B22>='Configuração'!$B$5,B22<='Configuração'!$B$6),"Anterior","Fora dos períodos")))) | I22: =IF(COUNTA(A22:G22)=0,"",IF(A22="","ID ausente",IF(COUNTIF($A$5:$A$204,A22)>1,"ID duplicado",IF(OR(B22="",C22="",D22="",E22="",F22="",G22=""),"Dados incompletos",IF(OR(NOT(ISNUMBER(B22)),NOT(ISNUMBER(F22)),F22<=0),"Data ou valor inválido",IF(COUNTIF('Listas'!$A$5:$A$104,C22)=0,"Fornecedor fora da lista",IF(COUNTIF('Listas'!$D$5:$D$24,D22)=0,"Categoria fora da lista",IF(AND(G22<>"Confirmada",G22<>"A revisar"),"Situação inválida",IF(G22="A revisar","Revisar lançamento","")))))))))
H23: =IF(B23="","",IF('Configuração'!$C$3<>"OK","Revisar premissas",IF(AND(B23>='Configuração'!$B$3,B23<='Configuração'!$B$4),"Atual",IF(AND(B23>='Configuração'!$B$5,B23<='Configuração'!$B$6),"Anterior","Fora dos períodos")))) | I23: =IF(COUNTA(A23:G23)=0,"",IF(A23="","ID ausente",IF(COUNTIF($A$5:$A$204,A23)>1,"ID duplicado",IF(OR(B23="",C23="",D23="",E23="",F23="",G23=""),"Dados incompletos",IF(OR(NOT(ISNUMBER(B23)),NOT(ISNUMBER(F23)),F23<=0),"Data ou valor inválido",IF(COUNTIF('Listas'!$A$5:$A$104,C23)=0,"Fornecedor fora da lista",IF(COUNTIF('Listas'!$D$5:$D$24,D23)=0,"Categoria fora da lista",IF(AND(G23<>"Confirmada",G23<>"A revisar"),"Situação inválida",IF(G23="A revisar","Revisar lançamento","")))))))))
H24: =IF(B24="","",IF('Configuração'!$C$3<>"OK","Revisar premissas",IF(AND(B24>='Configuração'!$B$3,B24<='Configuração'!$B$4),"Atual",IF(AND(B24>='Configuração'!$B$5,B24<='Configuração'!$B$6),"Anterior","Fora dos períodos")))) | I24: =IF(COUNTA(A24:G24)=0,"",IF(A24="","ID ausente",IF(COUNTIF($A$5:$A$204,A24)>1,"ID duplicado",IF(OR(B24="",C24="",D24="",E24="",F24="",G24=""),"Dados incompletos",IF(OR(NOT(ISNUMBER(B24)),NOT(ISNUMBER(F24)),F24<=0),"Data ou valor inválido",IF(COUNTIF('Listas'!$A$5:$A$104,C24)=0,"Fornecedor fora da lista",IF(COUNTIF('Listas'!$D$5:$D$24,D24)=0,"Categoria fora da lista",IF(AND(G24<>"Confirmada",G24<>"A revisar"),"Situação inválida",IF(G24="A revisar","Revisar lançamento","")))))))))
H25: =IF(B25="","",IF('Configuração'!$C$3<>"OK","Revisar premissas",IF(AND(B25>='Configuração'!$B$3,B25<='Configuração'!$B$4),"Atual",IF(AND(B25>='Configuração'!$B$5,B25<='Configuração'!$B$6),"Anterior","Fora dos períodos")))) | I25: =IF(COUNTA(A25:G25)=0,"",IF(A25="","ID ausente",IF(COUNTIF($A$5:$A$204,A25)>1,"ID duplicado",IF(OR(B25="",C25="",D25="",E25="",F25="",G25=""),"Dados incompletos",IF(OR(NOT(ISNUMBER(B25)),NOT(ISNUMBER(F25)),F25<=0),"Data ou valor inválido",IF(COUNTIF('Listas'!$A$5:$A$104,C25)=0,"Fornecedor fora da lista",IF(COUNTIF('Listas'!$D$5:$D$24,D25)=0,"Categoria fora da lista",IF(AND(G25<>"Confirmada",G25<>"A revisar"),"Situação inválida",IF(G25="A revisar","Revisar lançamento","")))))))))
H26: =IF(B26="","",IF('Configuração'!$C$3<>"OK","Revisar premissas",IF(AND(B26>='Configuração'!$B$3,B26<='Configuração'!$B$4),"Atual",IF(AND(B26>='Configuração'!$B$5,B26<='Configuração'!$B$6),"Anterior","Fora dos períodos")))) | I26: =IF(COUNTA(A26:G26)=0,"",IF(A26="","ID ausente",IF(COUNTIF($A$5:$A$204,A26)>1,"ID duplicado",IF(OR(B26="",C26="",D26="",E26="",F26="",G26=""),"Dados incompletos",IF(OR(NOT(ISNUMBER(B26)),NOT(ISNUMBER(F26)),F26<=0),"Data ou valor inválido",IF(COUNTIF('Listas'!$A$5:$A$104,C26)=0,"Fornecedor fora da lista",IF(COUNTIF('Listas'!$D$5:$D$24,D26)=0,"Categoria fora da lista",IF(AND(G26<>"Confirmada",G26<>"A revisar"),"Situação inválida",IF(G26="A revisar","Revisar lançamento","")))))))))
... H204: =IF(B204="","",IF('Configuração'!$C$3<>"OK","Revisar premissas",IF(AND(B204>='Configuração'!$B$3,B204<='Configuração'!$B$4),"Atual",IF(AND(B204>='Configuração'!$B$5,B204<='Configuração'!$B$6),"Anterior","Fora dos períodos")))) | I204: =IF(COUNTA(A204:G204)=0,"",IF(A204="","ID ausente",IF(COUNTIF($A$5:$A$204,A204)>1,"ID duplicado",IF(OR(B204="",C204="",D204="",E204="",F204="",G204=""),"Dados incompletos",IF(OR(NOT(ISNUMBER(B204)),NOT(ISNUMBER(F204)),F204<=0),"Data ou valor inválido",IF(COUNTIF('Listas'!$A$5:$A$104,C204)=0,"Fornecedor fora da lista",IF(COUNTIF('Listas'!$D$5:$D$24,D204)=0,"Categoria fora da lista",IF(AND(G204<>"Confirmada",G204<>"A revisar"),"Situação inválida",IF(G204="A revisar","Revisar lançamento","")))))))))
